 Dungeon Crawl Stone Soup version 0.30.1-3-gfc49f6343a (webtiles) character file.

Game seed: 18295790509924878555

1184 Peloso the Slasher (level 8, 0/70 HPs)
             Began as a Minotaur Fighter on July 21, 2023.
             Slain by Edmund
             ... wielding a +3 flail of venom
              (3 damage)
             ... on level 5 of the Dungeon.
             The game lasted 00:08:01 (3472 turns).

Peloso the Slasher (Minotaur Fighter)               Turns: 3472, Time: 00:08:02

Health: 0/70       AC: 10    Str: 25    XL:     8   Next: 19%
Magic:  7/7        EV:  9    Int:  8    God:
Gold:   182        SH:  4    Dex:  9    Spells: 7/7 levels left

rFire   . . .        a - +1 long sword
rCold   + . .        d - +0 buckler
rNeg    . . .        c - +0 chain mail
rPois   .            (helmet restricted)
rElec   .            (no cloak)
rCorr   .            (no gloves)
SInv    .            (no boots)
Will    .....        r - amulet of the acrobat Stlth
                     j - ring of protection from fire
HPRegen 1.11/turn    n - ring of protection from cold
MPRegen 0.10/turn

%: acrobat
@: lethally poisoned (0 -> -16)
A: horns 2, retaliatory headbutt, clever 1, regeneration 1, strong 1, heat
vulnerability 1
a: no special abilities


You were on level 5 of the Dungeon.
You visited 1 branch of the dungeon, and saw 5 of its levels.

You collected 182 gold pieces.

Inventory:

Hand Weapons
 a - a +1 long sword (weapon)
 b - a +2 whip of flaming
Armour
 c - a +0 chain mail (worn)
 d - a +0 buckler (worn)
Jewellery
 j - a ring of protection from fire (left hand)
 k - an amulet of magic regeneration
 n - a ring of protection from cold (right hand)
 r - an amulet of the acrobat (around neck)
Scrolls
 e - 3 scrolls of enchant weapon
 f - a scroll of amnesia {unknown}
 h - 2 scrolls of teleportation
 i - a scroll of immolation
 l - a scroll of fog {unknown}
 m - a scroll of blinking
 o - a scroll of noise
 u - a scroll of enchant armour
 v - a scroll of identify
Potions
 g - 3 potions of curing
 p - 2 potions of brilliance
 q - a potion of haste {unknown}
 s - 2 potions of might
 t - a potion of mutation


   Skills:
 + Level 5.9 Fighting
 + Level 7.4 Long Blades
 + Level 7.3 Armour
 + Level 2.5 Dodging
 + Level 5.1 Shields


You had 7 spell levels left.
You didn't know any spells.
Your spell library contained the following spells:

 Spells                   Type           Power      Damage    Failure   Level
 Magic Dart               Conj           0%         1d3       93%         1
 Shock                    Conj/Air       0%         1d3       93%         1
 Slow                     Hex            0%         N/A       93%         1
 Call Imp                 Summ           0%         N/A       98%         2
 Sublimation of Blood     Necr           0%         N/A       98%         2
 Confusing Touch          Hex            0%         N/A       100%        3
 Mephitic Cloud           Conj/Pois/Air  0%         N/A       100%        3
 Swiftness                Air            0%         N/A       100%        3
 Vampiric Draining        Necr           0%         2d6       100%        3
 Airstrike                Air            0%         2d(0-16)  100%        4
 Anguish                  Hex/Necr       0%         N/A       100%        4
 Cause Fear               Hex            0%         N/A       100%        4
 Petrify                  Tmut/Erth      0%         N/A       100%        4
 Irradiate                Conj/Tmut      0%         3d11      100%        5
 Enfeeble                 Hex            0%         N/A       100%        7


Dungeon Overview and Level Annotations

Branches:
Dungeon (5/15)
 Temple: D:4-7

Altars:
Zin
The Shining One

Shops:
D:2 :

Annotations:
D:5 Edmund


Innate Abilities, Weirdness & Mutations

You have a pair of horns on your head.
You reflexively headbutt those who attack you in melee.
Your mind is acute. (Int +4, Str/Dex -1)
Your natural rate of healing is unusually fast.
Your muscles are strong. (Str +4, Int/Dex -1)
You are vulnerable to heat. (rF-)


Message History

Edmund hits you with a +3 flail of venom.
You barely miss Edmund.
Edmund is lightly wounded.
Edmund hits you but does no damage.
You are poisoned.
You hit Edmund.
Edmund is lightly wounded.
You feel sick.
Edmund hits you with a +3 flail of venom.
You are more poisoned.
You hit Edmund. Your headbutt misses Edmund.
Edmund is moderately wounded.
You feel very sick.
Edmund hits you with a +3 flail of venom!
You are more poisoned.
You slash Edmund!
Edmund is heavily wounded.
You feel very sick. Edmund barely misses you.
You closely miss Edmund.
Edmund is heavily wounded.
You feel very sick.
Edmund hits you with a +3 flail of venom!
You are more poisoned.
You hit Edmund.
Edmund is heavily wounded.
You feel extremely sick.
Edmund drinks a potion.
Edmund is healed!
You hit Edmund.
Edmund is lightly wounded.
You feel extremely sick.
Edmund hits you with a +3 flail of venom!
* * * LOW HITPOINT WARNING * * *
You are more poisoned.
You slash Edmund!
Edmund is heavily wounded.
* * * LOW HITPOINT WARNING * * *
You feel extremely sick.
Edmund hits you with a +3 flail of venom.
You die...

.#######....#####...#
................#...#
................'...#
#...............#####
#.......##'#.........#
#.......#..'.........#
#.......+..#.........+
#.......#@##.........#
......###.@######......
.....#.........#......
#.........#......
#.........# +.......<.#
#.........# #..######.#
#..# .# #..# .


You could see Edmund.

Vanquished Creatures
  Pikel (D:3)
  Grinder (D:4)
  A sky beast (D:3)
  A lemure (D:4)
  2 scorpions
  A howler monkey (D:4)
  2 orc priests
  A gnoll bouda (D:4)
  A sleepcap (D:4)
  Natasha (D:3)
  An orc wizard (D:4)
  4 gnolls (D:4)
  4 adders
  A worm (D:3)
  2 dart slugs
  9 orcs
  5 endoplasms
  4 giant cockroaches
  6 goblins
  4 hobgoblins
  4 jackals (D:2)
  7 ball pythons
  5 bats
  4 frilled lizards
  7 kobolds
  7 rats
86 creatures vanquished.

Notes
Turn   | Place    | Note
-------+----------+-------------------------------------------
     0 | D:1      | Peloso the Minotaur Fighter began the quest for the Orb.
     0 | D:1      | Reached XP level 1. HP: 19/19 MP: 0/0
   317 | D:1      | Reached XP level 2. HP: 27/27 MP: 1/1
  1060 | D:2      | Reached XP level 3. HP: 33/33 MP: 2/2
  1305 | D:2      | Found Seuffunuty's Book Emporium.
  1633 | D:2      | Gained mutation: Your mind is acute. (Int +4, Str/Dex -1)
                  | [potion of mutation]
  1633 | D:2      | Gained mutation: Your natural rate of healing is unusually
                  | fast. [potion of mutation]
  1633 | D:2      | Gained mutation: You are vulnerable to heat. (rF-) [potion
                  | of mutation]
  1633 | D:2      | Gained mutation: Your muscles are strong. (Str +4, Int/Dex
                  | -1) [potion of mutation]
  1754 | D:3      | Reached XP level 4. HP: 35/40 MP: 3/3
  1773 | D:3      | Found a glowing silver altar of Zin.
  2165 | D:4      | Noticed a sky beast
  2191 | D:3      | Killed a sky beast
  2192 | D:3      | Reached skill level 5 in Armour
  2192 | D:3      | Reached XP level 5. HP: 40/47 MP: 4/4
  2216 | D:4      | Reached skill level 1 in Dodging
  2219 | D:4      | Reached skill level 5 in Long Blades
  2219 | D:4      | Reached XP level 6. HP: 31/53 MP: 5/5
  2259 | D:4      | Found a glowing golden altar of the Shining One.
  2427 | D:4      | Noticed Natasha
  2456 | D:3      | Killed Natasha
  2758 | D:4      | Reached skill level 5 in Fighting
  2842 | D:4      | Noticed Grinder
  2860 | D:4      | Killed Grinder
  2861 | D:4      | Reached XP level 7. HP: 48/61 MP: 6/6
  3244 | D:4      | Noticed Pikel
  3290 | D:3      | Killed Pikel
  3291 | D:3      | Reached skill level 5 in Shields
  3291 | D:3      | Reached XP level 8. HP: 50/70 MP: 7/7
  3403 | D:5      | Entered Level 5 of the Dungeon
  3457 | D:5      | Noticed Edmund
  3472 | D:5      | HP: 3/70 [poisoned by Edmund]
  3472 | D:5      | Slain by Edmund

Illustrated notes

Levels and vault maps discovered:
D:1:      mrwooster_arrival_statue_3, layout_basic, serial_forest,
          infiniplex_forest_clump_diagonal, infiniplex_forest_clump_long,
          infiniplex_forest_clump_double, infiniplex_forest_clump_long,
          infiniplex_forest_clump_double, infiniplex_forest_straight_3,
          infiniplex_forest_lined_corner, infiniplex_forest_end_1,
          infiniplex_forest_clump_small
D:2:      layout_loops_ring, serial_shops, shop
D:3:      layout_rooms, old_standard_altar
D:4:      layout_cave_pods, nicolae_tso_swordbearing_angel,
          minmay_misc_feat_enclosed, uniq_grinder, uniq_pikel, uniq_natasha
D:5:      layout_gridville, kennysheep_big_empty_room, minmay_curled_crystal,
          uniq_edmund

Skill      XL: |  1  2  3  4  5  6  7 |
---------------+----------------------+-----
Fighting       | 4 5 |  5.9
Armour         | 4 5 6 7 |  7.3
Shields        | 4 5 |  5.1
Long Blades    | 3 4 5 6 7 |  7.4
Dodging        | 1 2 |  2.5

Action                     |  1- 3 |  4- 6 |  7- 9 || total
---------------------------+-------+-------+-------++-------
  Melee: Long sword        |   173 |   104 |    64 ||   341
         Headbutt          |    25 |    14 |     9 ||    48
    Use: Potion            |     4 |       |       ||     4
         Scroll            |     6 |     3 |       ||     9
 Armour: Scale mail        |    37 |    77 |       ||   114
         Chain mail        |       |     3 |    12 ||    15
  Dodge: Dodged            |    41 |    77 |    21 ||   139
  Block: Buckler           |    19 |    38 |    15 ||    72
